 Dungeon Crawl Stone Soup version 0.19.4-10-g532645f (webtiles) character file.

109 empire the Slasher (level 4, 0/36 HPs)
             Began as a Draconian Warper on Feb 23, 2017.
             Slain by an orc
             ... wielding a +0 trident
              (3 damage)
             ... on level 3 of the Dungeon.
             The game lasted 00:03:50 (2494 turns).

empire the Slasher (Draconian Warper)               Turns: 2494, Time: 00:03:51

Health: 0/36       AC:  7    Str: 19    XL:     4   Next: 60%
Magic:  7/7        EV: 12    Int: 13    God:
Gold:   117        SH:  0    Dex: 11    Spells: 2 memorised, 3 levels left

rFire  . . .     SeeInvis .     a - +0 falchion
rCold  . . .     Gourm    .     (armour unavailable)
rNeg   . . .     Faith    .     (no shield)
rPois  .         Spirit   .     (helmet restricted)
rElec  .         Reflect  .     l - +0 cloak
rCorr  .         Harm     .     s - +0 pair of gloves
MR     .....                    (no boots)
Stlth  +.........               (no amulet)
                                (no ring)
                                (no ring)

@: mighty
A: unfitting armour, cold-blooded, AC +5
a: no special abilities


You were on level 3 of the Dungeon.
You were very hungry.

You visited 1 branch of the dungeon, and saw 3 of its levels.

You collected 117 gold pieces.

Inventory:

Hand Weapons
 a - a +0 falchion (weapon)
 w - a +3 short sword
Missiles
 d - 5 tomahawks of dispersal (quivered)
 j - 3 tomahawks
 x - 2 poisoned javelins
Armour
 l - a +0 cloak (worn)
 s - a +0 pair of gloves (worn)
Jewellery
 i - an uncursed ring of protection from cold {unknown}
 q - an uncursed amulet of magic regeneration {unknown}
Wands
 o - a wand of iceblast (6/15)
 u - a wand of lightning (6/15)
Scrolls
 c - a scroll of blinking
 e - a scroll of fog {unknown}
 h - a scroll of enchant armour {unknown}
 m - a scroll of teleportation {unknown}
 r - 2 scrolls of identify {unknown}
 t - a scroll of recharging {unknown}
Potions
 n - 2 potions of might
 p - a potion of curing {unknown}
Books
 b - a book of Spatial Translocations

   Spells                             Type                      Level
   a - Blink                          Translocation                2
   b - Shroud of Golubria             Charms/Translocation         2
   c - Lesser Beckoning               Translocation                3
   d - Portal Projectile              Translocation                3
   e - Teleport Other                 Translocation                3
   f - Passage of Golubria            Translocation                4
Comestibles
 f - 2 bread rations
 g - 2 meat rations
 k - 3 slices of pizza
 v - a royal jelly


   Skills:
 - Level 2.1 Fighting
 - Level 4.2 Long Blades
 - Level 0.8 Throwing
 + Level 2.4 Dodging
 - Level 2.0 Spellcasting
 + Level 3.5 Translocations
 + Level 0.4 Evocations


You had 3 spell levels left.
You knew the following spells:

 Your Spells              Type           Power        Failure   Level  Hunger
a - Blink                 Tloc           N/A          10%         2    ###....
b - Shroud of Golubria    Chrm/Tloc      #.........   21%         2    ###....


Dungeon Overview and Level Annotations

Branches:
Dungeon (3/15)

Altars:


Innate Abilities, Weirdness & Mutations

Your plain brown scales are hard. (AC +5)
You cannot fit into any form of body armour.
You are cold-blooded and may be slowed by cold attacks.


Message History

* * * LOW HITPOINT WARNING * * *
You hit the orc but do no damage.
The orc is moderately wounded.
The orc hits you but does no damage.
You closely miss the orc.
The orc is moderately wounded.
The orc barely misses you.
It was a potion of might.
You feel very mighty all of a sudden. The orc hits you with a trident.
* * * LOW HITPOINT WARNING * * *
You barely miss the orc.
You tail-slap the orc, but do no damage.
The orc is moderately wounded.
The orc hits you with a trident.
* * * LOW HITPOINT WARNING * * *
You hit the orc.
The orc is almost dead.
The orc hits you with a trident.
You die...

........## ########..#
..........##
.........†..#
............#
............#
............#
........o.#.#
........@.#>#
..........#.#
.#####.).#(#############
#...#(#...))......#
#...#.#.#########.#
#...#.#.#..)...##.#
#...#.#.#.####.##.#
#...#.#.#.#.<#.##.#
#####.#.#....#.##.#


You could see an orc.

Vanquished Creatures
  3 adders (D:2)
  An ooze (D:3)
  3 worms (D:2)
  2 dart slugs (D:1)
  3 leopard geckos
  5 orcs (D:3)
  A ball python (D:1)
  4 bats
  3 giant cockroaches
  8 goblins
  7 hobgoblins
  7 kobolds
  2 frilled lizards
  5 rats
54 creatures vanquished.

Notes
Turn   | Place    | Note
-------+----------+-------------------------------------------
     0 | D:1      | empire the Draconian Warper began the quest for the Orb.
     0 | D:1      | Reached XP level 1. HP: 17/17 MP: 3/3
   163 | D:1      | Reached XP level 2. HP: 17/24 MP: 5/5
   364 | D:1      | Reached skill level 3 in Long Blades
   704 | D:2      | Reached XP level 3. HP: 4/29 MP: 6/6
  1627 | D:2      | Reached skill level 4 in Long Blades
  1923 | D:2      | Learned a level 2 spell: Blink
  1926 | D:2      | Learned a level 2 spell: Shroud of Golubria
  2088 | D:2      | Reached XP level 4. HP: 36/36 MP: 7/7
  2494 | D:3      | Slain by an orc

Skill      XL: |  1  2  3 |
---------------+----------+-----
Long Blades    | 3 4 |  4.2
Fighting       | |  2.1
Throwing       | |  0.8
Dodging        | |  2.4
Spellcasting   | |  2.0
Translocations | |  3.5
Evocations     | |  0.4

Action                   |  1- 3 |  4- 6 || total
-------------------------+-------+-------++-------
Melee: Falchion          |   138 |    63 ||   201
       Tailslap          |    16 |    11 ||    27
  Use: Potion            |       |     1 ||     1
  Eat: Chunk             |     4 |       ||     4
Armor: Skin              |    45 |    12 ||    57
Dodge: Dodged            |    90 |    38 ||   128
       Rpst.: Falchion   |    25 |    11 ||    36
